 Dungeon Crawl Stone Soup version 0.20-a0-942-ga5226df (webtiles) character file.

5001 Herrn the Destroyer (level 10, 11/91 HPs)
             Began as a Naga Fire Elementalist on Apr 1, 2017.
             Quit the game on level 8 of the Dungeon.
             The game lasted 00:30:39 (11158 turns).

Herrn the Destroyer (Naga Fire Elementalist)       Turns: 11158, Time: 00:30:39

Health: 11/91      AC:  9    Str:  9 (11) XL:     10   Next: 54%
Magic:  1/13       EV: 10    Int: 19 (21) God:
Gold:   321        SH:  3    Dex: 10 (11) Spells: 8/13 levels left

rFire    + + .     SeeInvis +   t - +4 club
rCold    x . .     Gourm    .   n - +0 buckler
rNeg     . . .     Faith    .   F - +0 leather armour {rF+}
rPois    +         Spirit   .   (no helmet)
rElec    .         Reflect  .   (no cloak)
rCorr    .         Harm     .   D - +0 pair of gloves
MR       ++...     Clarity  +   (no barding)
Stlth    ++........             l - amulet of rage
Regen    0.3/turn               e - ring of fire
MPRegen  0.2/turn               N - +3 ring of protection

@: very slow
A: see invisible, clarity, clever 1, deformed body, magic resistance 1, poison
resistance, slowness 2, slow metabolism 1, spit poison 1, AC +3
a: Spit Poison, Evoke Berserk Rage


You were on level 8 of the Dungeon.
You were not hungry.

You visited 2 branches of the dungeon, and saw 10 of its levels.

You collected 321 gold pieces.

Inventory:

Hand Weapons
 t - a +4 club (weapon)
 u - a +1 whip of flaming
 v - a +0 dagger of electrocution
 K - a +1 hand axe of flaming
 L - a +2 battleaxe of freezing
Armour
 n - a +0 buckler (worn)
 D - a +0 pair of gloves (worn)
 F - a +0 leather armour of fire resistance (worn)
Jewellery
 e - a ring of fire (left hand)
 l - an amulet of rage (around neck)
 N - a +3 ring of protection (right hand)
Wands
 a - a wand of paralysis (5/24)
 q - a wand of iceblast (4/15)
 x - a wand of digging (15/24)
 z - a wand of digging (13/24)
Scrolls
 f - a scroll of magic mapping {unknown}
 h - 4 scrolls of identify
 i - a scroll of fog {unknown}
 j - 2 scrolls of recharging {unknown}
 k - a scroll of amnesia {unknown}
 o - 2 scrolls of remove curse
 r - 3 scrolls of acquirement {unknown}
 A - a scroll of enchant weapon {unknown}
 C - a scroll of enchant armour {unknown}
 H - a scroll of blinking {unknown}
 M - a scroll of immolation {unknown}
Potions
 g - a potion of curing
 m - 2 potions of haste
 w - a potion of might {unknown}
 E - 2 potions of degeneration
 G - a potion of mutation {unknown}
Books
 b - a book of Flames

   Spells                             Type                      Level
   a - Flame Tongue                   Conjuration/Fire             1
   b - Throw Flame                    Conjuration/Fire             2
   c - Conjure Flame                  Conjuration/Fire             3
   d - Inner Flame                    Hexes/Fire                   3
   e - Sticky Flame                   Conjuration/Fire             4
   f - Fireball                       Conjuration/Fire             5
 d - a book of Minor Magic

   Spells                             Type                      Level
   a - Magic Dart                     Conjuration                  1
   b - Blink                          Translocation                2
   c - Call Imp                       Summoning                    2
   d - Slow                           Hexes                        2
   e - Conjure Flame                  Conjuration/Fire             3
   f - Mephitic Cloud                 Conjuration/Poison/Air       3
 s - a book of Cantrips

   Spells                             Type                      Level
   a - Confusing Touch                Hexes                        1
   b - Animate Skeleton               Necromancy                   1
   c - Summon Small Mammal            Summoning                    1
   d - Apportation                    Translocation                1
 y - a book of Maledictions

   Spells                             Type                      Level
   a - Corona                         Hexes                        1
   b - Ensorcelled Hibernation        Hexes/Ice                    2
   c - Confuse                        Hexes                        3
   d - Tukima's Dance                 Hexes                        3
   e - Dazzling Spray                 Conjuration/Hexes            3
 I - the Guide on Creative Arcane Weapons
   (You found it on level 6 of the Dungeon)

   Spells                             Type                      Level
   a - Searing Ray                    Conjuration                  2
   b - Iskenderun's Mystic Blast      Conjuration                  4
   c - Venom Bolt                     Conjuration/Poison           5
   d - Aura of Abjuration             Summoning                    5
Comestibles
 c - 5 bread rations
 p - a royal jelly
 B - 5 meat rations
 J - 4 fruits
 O - a chunk of flesh


   Skills:
 * Level 6.2 Fighting
 * Level 5.3 Axes
 + Level 1.4 Armour
 + Level 4.3 Dodging
 - Level 3.0 Stealth
 + Level 1.4 Shields
 - Level 2.0 Spellcasting
 * Level 8.7 Conjurations
 + Level 7.8 Fire Magic
 + Level 0.8 Evocations


You had 8 spell levels left.
You knew the following spells:

 Your Spells              Type           Power        Failure   Level  Hunger
a - Flame Tongue          Conj/Fire      #####        1%          1    #......
b - Sticky Flame          Conj/Fire      ######..     12%         4    #####..


Dungeon Overview and Level Annotations

Branches:
Dungeon (9/15)             Temple (1/1) D:6             Orc (0/2) D:9
   Lair: D:8-11

Altars:
Cheibriados
Dithmenos
Elyvilon
Fedhas
Gozag
Hepliaklqana
Kikubaaqudgha
Makhleb
Nemelex Xobeh
Qazlal
Ru
Sif Muna
Trog
Uskayaw
Vehumet
Wu Jian
Xom
Yredelemnul
Zin
The Shining One

Annotations:
D:3 1 runed door


Innate Abilities, Weirdness & Mutations

You cannot wear boots.
Your serpentine skin is tough. (AC +3)
You have supernaturally acute eyesight. (SInv)
Armour fits poorly on your strangely shaped body.
Your system is resistant to poisons. (rPois)
You cover ground very slowly.
You have a slow metabolism.
You can spit poison.
You possess an exceptional clarity of mind.
Your mind is acute. (Int +2)
You are resistant to hostile enchantments. (MR+)


Message History

The killer bee barely misses you. The quokka barely misses you.
A leopard gecko comes into view.
It was a potion of degeneration.
There was something very wrong with that liquid.
You feel weakened.
You feel dopey.
You feel clumsy. The killer bee stings you.
* * * LOW HITPOINT WARNING * * *
The gnoll closely misses you.
The killer bee stings you but does no damage.
The quokka bites you.
* * * LOW HITPOINT WARNING * * *
An ogre comes into view. It is wielding a giant club.
Okay, then.
Unknown command.
Okay, then.
Unknown command.
Unknown command.
Unknown command.
Unknown command.
Are you sure you want to abandon this character and quit the game? (Confirm with "yes".)

#.###########.#
#...........#.#
#.########.##.#
#.#...........#
#.#.######.##.# #######.#.#
#.##.# ........#.#
#.##.###.#.#
.#####..#.######y##........
.........O...5.g@)....#.#..
######..#......r......#
#..#...l.........#
####.##.###.###..... #.##.#
#.# ..#... #.##.# #.#
..#... #..... #.# ..# ..
####.# #.# ..


You could see an ogre, a killer bee, a gnoll, a shadow imp, a leopard gecko
(wandering) and a quokka.

Vanquished Creatures
  A two-headed ogre (D:9)
  Pikel (D:6)
  Grinder (D:3)
  Sigmund (D:6)
  A hungry ghost (D:7)
  A wyvern (D:9)
  3 orc warriors
  A sky beast (D:6)
  4 ogres
  4 slaves (D:4)
  3 ice beasts
  A centaur (D:5)
  2 wyvern zombies (D:6)
  2 bullfrogs
  A water moccasin zombie (D:6)
  3 scorpions
  A water moccasin skeleton (D:6)
  6 killer bees (D:9)
  3 howler monkeys
  4 crimson imps
  A quasit (D:9)
  6 hounds
  3 orc priests
  A jelly (D:5)
  A centaur skeleton (D:5)
  6 orc wizards
  Jessica (D:3)
  An iguana (D:4)
  Natasha (thrice) (D:3)
  A bullfrog skeleton (D:4)
  5 worker ants
  A killer bee zombie (D:6)
  A hound zombie (D:6)
  3 hound skeletons
  5 gnolls
  7 adders
  A shadow imp (D:5)
  4 oozes
  An adder skeleton (D:5)
  3 worms
  4 dart slugs
  3 leopard geckos
  27 orcs
  2 bat zombies (D:3)
  2 giant cockroaches
  10 goblins
  8 hobgoblins
  6 jackals (D:4)
  6 quokkas
  A ball python (D:1)
  10 bats
  6 frilled lizards
  7 kobolds
  A leopard gecko skeleton (D:4)
  A leopard gecko zombie (D:5)
  A quokka skeleton (D:6)
  A rat (D:1)
195 creatures vanquished.

Notes
Turn   | Place    | Note
-------+----------+-------------------------------------------
     0 | D:1      | Herrn the Naga Fire Elementalist began the quest for the Orb.
     0 | D:1      | Reached XP level 1. HP: 15/15 MP: 3/3
   209 | D:1      | Reached XP level 2. HP: 22/22 MP: 3/5
   535 | D:1      | Reached XP level 3. HP: 30/30 MP: 6/6
  1110 | D:2      | Reached skill level 1 in Fighting
  1263 | D:2      | Found a sacrificial altar of Ru.
  1377 | D:2      | Reached XP level 4. HP: 38/38 MP: 5/7
  1920 | D:2      | Learned a level 4 spell: Sticky Flame
  2012 | D:2      | Found a shimmering altar of Xom.
  2241 | D:3      | Noticed Grinder
  2251 | D:3      | Paralysed by Grinder for 5 turns
  2258 | D:3      | Paralysed by Grinder for 7 turns
  2270 | D:3      | HP: 1/38 [Grinder/nerve-wracking pain (3)]
  2274 | D:3      | Killed Grinder
  2274 | D:3      | Reached skill level 3 in Conjurations
  2274 | D:3      | Reached XP level 5. HP: 2/46 MP: 0/8
  2274 | D:3      | Reached XP level 6. HP: 2/55 MP: 0/9
  2689 | D:3      | Noticed Natasha
  2691 | D:3      | Killed Natasha
  2722 | D:3      | Noticed Natasha
  2754 | D:3      | Noticed Jessica
  2762 | D:3      | Killed Jessica
  2780 | D:3      | Killed Natasha
  2780 | D:3      | Reached skill level 5 in Fire Magic
  2787 | D:3      | Noticed Natasha
  2793 | D:3      | Killed Natasha
  2940 | D:3      | Reached XP level 7. HP: 23/61 MP: 0/10
  3141 | D:3      | Found a runed door.
  3194 | D:3      | Reached skill level 4 in Conjurations
  3373 | D:3      | Found an ancient bone altar of Kikubaaqudgha.
  3471 | D:3      | Reached skill level 1 in Axes
  4340 | D:4      | Found an opulent altar of Gozag.
  4340 | D:4      | Found a glowing silver altar of Zin.
  4394 | D:4      | You fall through a shaft for 2 floors!
  4565 | D:5      | Entered Level 5 of the Dungeon
  4568 | D:5      | Found a shadowy altar of Dithmenos.
  4681 | D:4      | Found a basalt altar of Yredelemnul.
  4709 | D:4      | Found a white marble altar of Elyvilon.
  5433 | D:4      | Reached XP level 8. HP: 58/69 MP: 5/11
  5715 | D:5      | Reached skill level 5 in Conjurations
  6105 | D:5      | Found a snail-covered altar of Cheibriados.
  6135 | D:5      | Found a glowing golden altar of the Shining One.
  6683 | D:4      | Reached skill level 6 in Conjurations
  7256 | D:6      | Reached XP level 9. HP: 44/79 MP: 1/12
  7266 | D:6      | Noticed Pikel
  7613 | D:6      | Killed Pikel
  7613 | D:6      | Reached skill level 1 in Shields
  7613 | D:6      | Reached skill level 7 in Conjurations
  7750 | D:6      | Noticed Sigmund
  7775 | D:6      | Killed Sigmund
  7775 | D:6      | Reached skill level 5 in Fighting
  8001 | D:6      | Found a staircase to the Ecumenical Temple.
  8003 | D:6      | Identified the Guide on Creative Arcane Weapons
  8014 | Temple   | Entered the Ecumenical Temple
  9271 | D:6      | Gained mutation: Your mind is acute. (Int +2) [mutagenic meat]
  9272 | D:6      | Gained mutation: You possess an exceptional clarity of mind. [mutagenic meat]
  9274 | D:6      | Gained mutation: You are resistant to hostile enchantments. (MR+) [mutagenic meat]
  9276 | D:6      | Reached skill level 8 in Conjurations
  9666 | D:7      | Reached XP level 10. HP: 90/90 MP: 13/13
 10020 | D:7      | You fall through a shaft for 2 floors!
 10264 | D:9      | Noticed a two-headed ogre
 10294 | D:9      | Killed a two-headed ogre
 10294 | D:9      | Reached skill level 5 in Axes
 10577 | D:9      | Reached skill level 1 in Armour
 11060 | D:9      | Found a staircase to the Orcish Mines.
 11158 | D:8      | Quit the game

Vault maps used:
D:1:      doesnt_arrival_eight_statues, serial_forest,
          infiniplex_forest_clump_tiny, infiniplex_forest_straight_2,
          infiniplex_forest_straight_4, infiniplex_forest_lined_room_2,
          infiniplex_forest_zigzag_2, infiniplex_forest_end_3,
          infiniplex_forest_lined_4_way
D:2:      old_standard_altar, serial_forest, infiniplex_forest_lined_3,
          infiniplex_forest_straight_3, infiniplex_forest_end_1,
          infiniplex_forest_clump_small, infiniplex_forest_end_3,
          nicolae_ru_the_path_less_chosen
D:3:      lemuel_zombie_altar_kikubaaqudgha, grunt_decor_cap,
          minmay_box_of_dots, uniq_natasha, uniq_jessica,
          uniq_crazy_yiuf_cottage, uniq_grinder
D:4:      grunt_temple_overflow_gold_and_silver, kennysheep_little_box,
          kennysheep_mini_moat, uniq_pikel
D:5:      kennysheep_slug_shrine, grunt_dithmenos_smoke,
          nicolae_overflow_crystal_walls, first_bread
D:6:      minmay_temple_entry_crystal_x, uniq_sigmund
D:7:      lemuel_ice_spiral_2, old_standard_altar
D:8:      hangedman_little_slice_of_home
D:9:      ashenzari_altar_1, orc_0_dummy, fedhas_altar_1, uniq_prince_ribbit1
Temple:   chequers_temple_sunken

Skill      XL: |  1  2  3  4  5  6  7  8  9 10 |
---------------+-------------------------------+-----
Fighting       | 1 2 3 4 5 6 |  6.2
Dodging        | 2 3 4 |  4.3
Fire Magic     | 4 5 6 7 |  7.8
Conjurations   | 3 4 6 8 |  8.7
Axes           | 2 3 4 5 |  5.3
Shields        | 1 |  1.4
Armour         | 1 |  1.4
Stealth        | |  3.0
Spellcasting   | |  2.0
Evocations     | |  0.8

Action                   |  1- 3 |  4- 6 |  7- 9 | 10-12 || total
-------------------------+-------+-------+-------+-------++-------
Melee: Unarmed           |    22 |       |       |       ||    22
       Hand axe          |       |     2 |     8 |       ||    10
       Club              |       |     1 |   116 |    55 ||   172
       Dagger            |       |       |    18 |       ||    18
 Cast: Flame Tongue      |    38 |    47 |   233 |    66 ||   384
       Sticky Flame      |       |       |     4 |     3 ||     7
 Abil: Spit Poison       |    31 |    29 |    72 |    13 ||   145
       Evoke Berserk Rag |       |       |       |     1 ||     1
Evoke: Wand              |       |       |     2 |     3 ||     5
  Use: Potion            |       |     2 |     1 |     5 ||     8
       Scroll            |       |       |     3 |     1 ||     4
 Stab: Sleeping          |       |       |     2 |       ||     2
  Eat: Chunk             |     1 |     6 |    25 |     2 ||    34
       Royal jelly       |     1 |       |     2 |     2 ||     5
       Fruit             |       |       |       |     2 ||     2
Armor: Robe              |     4 |     8 |    80 |       ||    92
       Leather armour    |       |       |     3 |    67 ||    70
Dodge: Dodged            |    14 |    18 |   157 |    80 ||   269
Block: Buckler           |       |     2 |    43 |    18 ||    63
